 Dungeon Crawl Stone Soup version 0.23-a0-644-gb60d84b (webtiles) character file.

9 Borgoz the Skirmisher (level 2, 0/26 HPs)
             Began as a Ghoul Abyssal Knight on Jan 1, 2019.
             Was a Follower of Lugonu.
             Slain by a jackal (1 damage)
             ... on level 1 of the Dungeon.
             The game lasted 00:00:18 (129 turns).

Borgoz the Skirmisher (Ghoul Abyssal Knight)         Turns: 129, Time: 00:00:20

Health: 0/26       AC:  3    Str: 15    XL:     2   Next: 12%
Magic:  2/2        EV: 11    Int:  7    God:    Lugonu [*.....]
Gold:   0          SH:  0    Dex:  8    Spells: 1/1 levels left

rFire    . . .     SeeInvis .   a - +1 hand axe
rCold    + . .     Gourm    .   (no shield)
rNeg     + + +     Faith    .   b - +0 leather armour
rPois    ∞         Spirit   .   (no helmet)
rElec    .         Reflect  .   (no cloak)
rCorr    .         Harm     .   (no gloves)
MR       .....                  (no boots)
Stlth    +.........             (no amulet)
HPRegen  0.00/turn              (no ring)
MPRegen  0.08/turn              (no ring)

@: rotting
A: rotting body, claws 1, carnivore, cold resistance 1, negative energy
resistance 3, inhibited regeneration, torment resistance, unbreathing
a: Depart the Abyss, Renounce Religion


You were on level 1 of the Dungeon.
You worshipped Lugonu.
Lugonu was aware of your devotion.
You were not hungry.

You visited 1 branch of the dungeon, and saw 1 of its levels.
You visited the Abyss 1 time.

Inventory:

Hand Weapons
 a - a +1 hand axe (weapon)
Armour
 b - a +0 leather armour (worn)
Comestibles
 c - 2 rations


   Skills:
 + Level 3.5 Fighting
 + Level 2.0 Axes
 + Level 2.1 Armour
 + Level 0.8 Dodging
 + Level 2.0 Invocations


You had one spell level left.
You didn't know any spells.
Your spell library was empty.

Dungeon Overview and Level Annotations

Branches:
Dungeon (1/15)

Altars:


Innate Abilities, Weirdness & Mutations

Your body is rotting away.
You thrive on raw meat.
You are immune to poison.
You have sharp fingernails.
You are carnivorous and can eat meat at any time.
Your flesh is cold resistant. (rC+)
You are immune to negative energy. (rN+++)
You do not regenerate when monsters are visible.
You are immune to unholy pain and torment.
You can survive without breathing.


Message History

The jackal completely misses you. The jackal barely misses you.
You hit the jackal.
You kill the jackal!
Lugonu accepts your kill.
Your Axes skill increases to level 2!
You hit the jackal.
The jackal is almost dead.
The jackal bites you.
* * * LOW HITPOINT WARNING * * *
The jackal bites you but does no damage.
You barely miss the jackal.
The jackal is almost dead.
The jackal bites you.
* * * LOW HITPOINT WARNING * * *
You closely miss the jackal.
The jackal is almost dead.
The jackal bites you.
* * * LOW HITPOINT WARNING * * *
The jackal bites you.
You die...

#..#.#.#.#.#.
###.#.#.#.#..
#.#.#.#.#.###
##.#.#.#.#..
###.........
#...######
###...##..
#####(.......#
#.wh@.########
.....b####
..... .(.. .$.
##


You could see a dart slug, a jackal and a bat.

Vanquished Creatures
  6 jackals (D:1)
  A frilled lizard (D:1)
7 creatures vanquished.

Notes
Turn   | Place    | Note
-------+----------+-------------------------------------------
     0 | Abyss:1  | Borgoz the Ghoul Abyssal Knight began the quest for the
                  | Orb.
     0 | Abyss:1  | Reached XP level 1. HP: 19/19 MP: 1/1
    85 | Abyss:1  | Noticed a small abomination
    86 | D:1      | Escaped the Abyss
   122 | D:1      | Reached XP level 2. HP: 9/26 MP: 2/2
   123 | D:1      | Reached * piety under Lugonu
   129 | D:1      | HP: 1/26 [jackal (3)]
   129 | D:1      | Slain by a jackal

Vault maps used:
D:1:      ncdulo_watergridlock, st_stairs_11

Skill      XL: |  1  2 |
---------------+-------+-----
Armour         | 2 |  2.1
Axes           | 2 |  2.0
Fighting       | |  3.5
Dodging        | |  0.8
Invocations    | |  2.0

Action                   || total
-------------------------++-------
Melee: Hand axe          ||    29
Invok: Depart the Abyss  ||     1
Armor: Leather armour    ||     7
Dodge: Dodged            ||    20

Table legend:
 A = Non-vault XP
 B = Vault XP
 C = Vault XP percentage of total XP
 D = Non-vault monster count
 E = Vault monster count
 F = Vault count percentage of total count
                 A         B        C        D         E       F
            +---------+---------+-------+---------+---------+-------
      Total |      12 |       1 |   7.7 |       6 |       1 |  14.3
            +---------+---------+-------+---------+---------+-------
        D:1 |      12 |       1 |   7.7 |       6 |       1 |  14.3
            +---------+---------+-------+---------+---------+-------
